 Dungeon Sprint DCSS version 0.30.1-4-g462c640d31 (webtiles) character file.

Game seed: 7749952290274544225

14672 Heoruswealwe the Evocator (level 11, -37/48 HPs)
             Began as a Spriggan Artificer on Aug 29, 2023.
             Was the Champion of Sif Muna.
             Killed from afar by a fire giant (42 damage)
             ... with a bolt of fire
             ... in the Dungeon (Sprint I: "Red Sonja").
             The game lasted 00:33:39 (2331 turns).

Heoruswealwe the Evocator (Spriggan Artificer)      Turns: 2331, Time: 00:33:42

Health: -37/48     AC:  4    Str:  8    XL:     11   Next: 91%
Magic:  12/12      EV: 29    Int: 17    God:    Sif Muna [******]
Gold:   2456       SH:  0    Dex: 16    Spells: 10/10 levels left

rFire   . . .        a - +0 rapier (speed)
rCold   . . .        (no shield)
rNeg    . . .        o - +0 troll leather armour
rPois   .            (helmet restricted)
rElec   .            (no cloak)
rCorr   .            (gloves unavailable)
SInv    +            (boots unavailable)
Will    +....        (no amulet)
Stlth   ++++++++     (no ring)
HPRegen 1.08/turn    (no ring)
MPRegen 0.13/turn

%: no teleportation
@: very quick
A: very small, no large weapons, unfitting armour, see invisible, speed 3
a: Renounce Religion, Channel Magic, Forget Spell, Divine Exegesis


You were in the Dungeon.
You worshipped Sif Muna.
Sif Muna was exalted by your worship.
You visited 1 branch You collected 2694 gold pieces.
You spent 206 gold pieces at shops.
You donated 32 gold pieces to Zin.

Inventory:

Hand Weapons
 a - a +0 rapier of speed (weapon)
Armour
 o - a +0 troll leather armour (worn)
Magical Staves
 q - the staff of poison "Foryugh" {rPois Str+5 Dex+2}
   (You found it in the Dungeon)

   [staff of poison]

   Base accuracy: +5 Base damage: 5 Base attack delay: 1.2 This weapon's minimum
   attack delay (0.6) is reached at skill level 12.
   Str:       It affects your strength (+5).
   Dex:       It affects your dexterity (+2).
   rPois:     It protects you from poison.
   It falls into the 'Staves' category.
   It is a two-handed weapon.
Wands
 b - a wand of flame (5) (quivered)
 d - a wand of charming (19)
 l - a wand of mindburst (2)
 m - a wand of roots (4)
Scrolls
 c - a scroll of enchant armour
 e - a scroll of fog
Potions
 f - 2 potions of curing
 g - a potion of invisibility
 i - 2 potions of magic
 j - a potion of berserk rage
 n - a potion of might
 p - a potion of mutation


   Skills:
 - Level 0.7 Fighting
 + Level 19.7 Dodging
 + Level 22.8 Stealth
 * Level 26.6 Evocations


You had 10 spell levels left.
You didn't know any spells.
Your spell library contained the following spells:

 Spells                   Type           Power      Damage    Failure   Level
 Foxfire                  Conj/Fire      0%         2x1d4     34%         1
 Sandblast                Erth           0%         2d4       34%         1
 Passwall                 Tmut/Erth      0%         N/A       45%         2
 Scorch                   Fire           0%         2d5       45%         2
 Static Discharge         Conj/Air       0%         2-2/arc   45%         2
 Dazzling Flash           Conj/Hex       0%         N/A       71%         3
 Gell's Gravitas          Tloc           0%         N/A       71%         3
 Ozocubu's Armour         Ice            0%         N/A       71%         3
 Stone Arrow              Conj/Erth      0%         3d7       71%         3
 Swiftness                Air            0%         N/A       71%         3
 Teleport Other           Tloc           0%         N/A       71%         3
 Anguish                  Hex/Necr       0%         N/A       98%         4
 Cause Fear               Hex            0%         N/A       98%         4
 Flame Wave               Conj/Fire      0%         2d4       98%         4
 Iskenderun's Mystic Bla  Conj/Tloc      0%         2d3       98%         4
 Sticky Flame             Conj/Fire      0%         2d3       98%         4
 Summon Ice Beast         Ice/Summ       0%         N/A       98%         4
 Alistair's Intoxication  Tmut/Pois      0%         N/A       100%        5
 Borgnjor's Vile Clutch   Necr/Erth      0%         N/A       100%        5
 Iskenderun's Battlesphe  Conj           0%         2d6       100%        5
 Conjure Ball Lightning   Conj/Air       0%         3x3d6     100%        6
 Dispersal                Tloc           0%         N/A       100%        6
 Eringya's Noxious Bog    Tmut/Pois      0%         N/A       100%        6
 Summon Cactus Giant      Summ           0%         N/A       100%        6
 Orb of Destruction       Conj           0%         9d5       100%        7
 Discord                  Hex            0%         N/A       100%        8
 Chain Lightning          Conj/Air       0%         N/A       100%        9


Dungeon Overview and Level Annotations

Branches:
Dungeon (1/1)

Altars:
Cheibriados
Dithmenos
Elyvilon
Fedhas
Gozag
Hepliaklqana
Kikubaaqudgha
Makhleb
Nemelex Xobeh
Okawaru
Qazlal
Ru
Sif Muna
Trog
Uskayaw
Vehumet
Wu Jian
Xom
Yredelemnul
Zin
The Shining One
Jiyva
Lugonu

Shops:
D ??(:[([??([(*=?(!?([?


Innate Abilities, Weirdness & Mutations

You are very small and have problems with some larger weapons.
You are too small for most types of armour.
You have supernaturally acute eyesight. (SInv)
You cover ground extremely quickly. (Speed+++)


Message History

You start resting.
You feel yourself slow down.
You start resting.
HP restored.
As you read the scroll of identify, it crumbles to dust.
c - a scroll of enchant armour You open the door.
There is an open door here.
A fire giant comes into view.
It is wielding a +1 great sword of flaming.
A fire giant comes into view.
It is wielding a +1 great sword of flaming.
A fire giant comes into view.
It is wielding a +1 great sword of flaming.
Found 17 gold pieces and a wand of roots (8).
A fire giant comes into view.
It is wielding a +0 great sword of flaming.
Found a book of Changes and 15 stones.
Found a hand axe, a ring mail and 81 gold pieces.
The fire giant shouts! x3
The fire giant completely misses you.
Aiming: Mindburst
Press: ? - help, Shift-Dir - straight line, f - fire giant
Aim: a fire giant, wielding a +1 great sword of flaming (chance to affect: 72%)
The fire giant's mind is blasted!!
The fire giant shouts!
The fire giant completely misses you.
Aiming: Mindburst
Press: ? - help, Shift-Dir - straight line, f/p - fire giant
Aim: a fire giant, wielding a +1 great sword of flaming (moderately wounded, chance to affect: 72%)
The fire giant's mind is blasted!!!
The fire giant hits you with a +1 great sword of flaming!!!
Ouch! That really hurt!
* * * LOW HITPOINT WARNING * * *
The fire giant burns you!
* * * LOW HITPOINT WARNING * * *
As you read the scroll of fear, it crumbles to dust.
You assume a fearsome visage.
The fire giant resists with almost no effort.
The fire giant looks frightened! x3
The fire giant points at you and mumbles some strange words.
The bolt of fire hits you!!!
Ouch! That really hurt!
You die...

'###.###.#..###..###..#+###
[..')∩##.#..####..###...#
########§##'#..#[.#.###.#
......##.##)#○........#.#
.......+§####○○°......#.#
''######§#..+.°.°°.####'#
.......#§#####...###....#
†.....#+§#(/$#####...####
.....~####:..CC.@..###
....~~# )(..CC##### ..~~~##
[.... ~~~### .... ###'###
$$$ ####∩∩# ## ∩∩∩∩∩## ≈
######


You could see 4 fire giants.

Vanquished Creatures
  A lorocyproca (D)
  2 centaur warriors (D)
  Sonja (D)
  A deep troll (D)
  A lindwurm (D)
  An oklob plant (D)
  8 shining eyes (D)
  2 demonic crawlers (D)
  A gargoyle (D)
  7 unseen horrors (D)
  2 kobold demonologists (D)
  A hornet (D)
  Sigmund (D)
  A yak (D)
  A slime creature (D)
  13 hogs (D)
  2 redbacks (D)
  6 floating eyes (D)
  An ogre (D)
  7 necrophages (D)
  8 jellies (D)
  Ijyb (D)
  A ballistomycete spore (D)
70 creatures vanquished.

Vanquished Creatures (collateral kills)
  A demonic crawler (D)
1 creature vanquished.

Vanquished Creatures (others)
  A demonic crawler (D)
  A ballistomycete spore (D)
2 creatures vanquished.

Grand Total: 73 creatures vanquished

Notes
Turn   | Place    | Note
-------+----------+-------------------------------------------
     0 | D        | Heoruswealwe the Spriggan Artificer began the quest for the
                  | Orb.
     0 | D        | Reached XP level 1. HP: 9/9 MP: 2/2
     1 | D        | Noticed Ijyb
     3 | D        | Killed Ijyb
     4 | D        | Reached skill level 6 in Evocations
     4 | D        | Reached XP level 2. HP: 13/14 MP: 3/3
    15 | D        | Noticed an ogre
    19 | D        | Killed an ogre
    20 | D        | Reached skill level 9 in Evocations
    20 | D        | Reached XP level 3. HP: 17/17 MP: 4/4
    20 | D        | Reached XP level 4. HP: 21/21 MP: 5/5
    33 | D        | Noticed Sigmund
    34 | D        | Killed Sigmund
    35 | D        | Reached skill level 12 in Evocations
    35 | D        | Reached XP level 5. HP: 25/25 MP: 6/6
    66 | D        | Found an ornate altar of the Wu Jian Council.
    66 | D        | Found a shimmering blue altar of Sif Muna.
    70 | D        | Reached skill level 10 in Stealth
    70 | D        | Reached XP level 6. HP: 29/29 MP: 7/7
    70 | D        | Found a radiant altar of Vehumet.
    96 | D        | Found Dutz's Book Emporium.
    96 | D        | Found an ancient bone altar of Kikubaaqudgha.
    96 | D        | Found a hazy altar of Hepliaklqana.
    96 | D        | Found a stormy altar of Qazlal.
    96 | D        | Found a hide-covered altar of Uskayaw.
    96 | D        | Found a blossoming altar of Fedhas.
    96 | D        | Found a bloodstained altar of Trog.
    96 | D        | Found an iron altar of Okawaru.
    96 | D        | Found a basalt altar of Yredelemnul.
    96 | D        | Found a glowing golden altar of the Shining One.
    96 | D        | Found a snail-covered altar of Cheibriados.
    96 | D        | Found a sacrificial altar of Ru.
    96 | D        | Found a glowing silver altar of Zin.
    96 | D        | Found a shadowy altar of Dithmenos.
    96 | D        | Found a white marble altar of Elyvilon.
    96 | D        | Noticed a yak
   101 | D        | Killed a yak
   102 | D        | Reached skill level 10 in Dodging
   102 | D        | Reached skill level 13 in Evocations
   105 | D        | Found an opulent altar of Gozag.
   106 | D        | Found a sparkling altar of Nemelex Xobeh.
   111 | D        | Became a worshipper of Zin the Law-Giver
   111 | D        | Reached * piety under Zin
   111 | D        | Reached ** piety under Zin
   111 | D        | Reached *** piety under Zin
   111 | D        | Reached **** piety under Zin
   111 | D        | Reached ***** piety under Zin
   111 | D        | Reached ****** piety under Zin
   121 | D        | Noticed Sonja
   123 | D        | Killed Sonja
   124 | D        | Reached skill level 16 in Evocations
   124 | D        | Reached XP level 7. HP: 32/32 MP: 8/8
   148 | D        | Found Reupsap's Magic Scroll Boutique.
   162 | D        | Noticed a shining eye
   162 | D        | Noticed a shining eye
   162 | D        | Noticed a shining eye
   165 | D        | Noticed a shining eye
   165 | D        | Noticed a shining eye
   165 | D        | Noticed a shining eye
   171 | D        | Noticed a shining eye
   171 | D        | Noticed a shining eye
   173 | D        | Paralysed by a floating eye for 3 turns
   174 | D        | Reached XP level 8. HP: 37/37 MP: 9/9
   183 | D        | Paralysed by a floating eye for 4 turns
   192 | D        | Paralysed by a floating eye for 4 turns
   203 | D        | Paralysed by a floating eye for 3 turns
   210 | D        | Paralysed by a floating eye for 3 turns
   222 | D        | Paralysed by a floating eye for 3 turns
   227 | D        | Paralysed by a floating eye for 4 turns
   238 | D        | Paralysed by a floating eye for 4 turns
   249 | D        | Paralysed by a floating eye for 4 turns
   255 | D        | Paralysed by a floating eye for 4 turns
   263 | D        | Paralysed by a floating eye for 3 turns
   268 | D        | Paralysed by a floating eye for 2 turns
   280 | D        | Paralysed by a floating eye for 3 turns
   284 | D        | Paralysed by a floating eye for 4 turns
   292 | D        | Paralysed by a floating eye for 4 turns
   301 | D        | Paralysed by a floating eye for 2 turns
   305 | D        | Paralysed by a floating eye for 2 turns
   312 | D        | Paralysed by a floating eye for 3 turns
   319 | D        | Paralysed by a floating eye for 4 turns
   324 | D        | Paralysed by a floating eye for 3 turns
   329 | D        | Paralysed by a floating eye for 2 turns
   333 | D        | Paralysed by a floating eye for 3 turns
   339 | D        | Paralysed by a floating eye for 2 turns
   343 | D        | Paralysed by a floating eye for 2 turns
   349 | D        | Paralysed by a floating eye for 2 turns
   356 | D        | Paralysed by a floating eye for 4 turns
   364 | D        | Paralysed by a floating eye for 2 turns
   372 | D        | Paralysed by a floating eye for 3 turns
   377 | D        | Killed a shining eye
   378 | D        | Reached skill level 17 in Evocations
   381 | D        | Paralysed by a floating eye for 4 turns
   387 | D        | Paralysed by a floating eye for 3 turns
   394 | D        | Paralysed by a floating eye for 3 turns
   399 | D        | Reached skill level 15 in Stealth
   399 | D        | Reached skill level 18 in Evocations
   427 | D        | Paralysed by a floating eye for 4 turns
   460 | D        | Paralysed by a floating eye for 2 turns
   487 | D        | Killed a shining eye
   488 | D        | Reached XP level 9. HP: 40/40 MP: 10/10
   494 | D        | Paralysed by a floating eye for 3 turns
   501 | D        | Paralysed by a floating eye for 3 turns
   506 | D        | Paralysed by a floating eye for 3 turns
   513 | D        | Paralysed by a floating eye for 4 turns
   525 | D        | Paralysed by a floating eye for 2 turns
   535 | D        | Paralysed by a floating eye for 2 turns
   540 | D        | Paralysed by a floating eye for 2 turns
   547 | D        | Paralysed by a floating eye for 4 turns
   556 | D        | Paralysed by a floating eye for 2 turns
   563 | D        | Paralysed by a floating eye for 4 turns
   571 | D        | Paralysed by a floating eye for 2 turns
   579 | D        | Paralysed by a floating eye for 4 turns
   586 | D        | Paralysed by a floating eye for 4 turns
   591 | D        | Paralysed by a floating eye for 2 turns
   595 | D        | Paralysed by a floating eye for 2 turns
   602 | D        | Paralysed by a floating eye for 3 turns
   608 | D        | Paralysed by a floating eye for 2 turns
   611 | D        | Killed a shining eye
   612 | D        | Reached skill level 19 in Evocations
   613 | D        | Paralysed by a floating eye for 4 turns
   622 | D        | Paralysed by a floating eye for 2 turns
   627 | D        | Paralysed by a floating eye for 2 turns
   634 | D        | Paralysed by a floating eye for 3 turns
   642 | D        | Paralysed by a floating eye for 2 turns
   651 | D        | Paralysed by a floating eye for 3 turns
   667 | D        | Paralysed by a floating eye for 4 turns
   675 | D        | Paralysed by a floating eye for 3 turns
   685 | D        | Paralysed by a floating eye for 2 turns
   692 | D        | Paralysed by a floating eye for 4 turns
   703 | D        | Paralysed by a floating eye for 2 turns
   707 | D        | Paralysed by a floating eye for 2 turns
   715 | D        | Paralysed by a floating eye for 2 turns
   721 | D        | Paralysed by a floating eye for 4 turns
   728 | D        | Paralysed by a floating eye for 2 turns
   731 | D        | Paralysed by a floating eye for 3 turns
   744 | D        | Paralysed by a floating eye for 3 turns
   748 | D        | Paralysed by a floating eye for 4 turns
   754 | D        | Killed a shining eye
   755 | D        | Reached skill level 20 in Evocations
   762 | D        | Paralysed by a floating eye for 4 turns
   767 | D        | Paralysed by a floating eye for 4 turns
   773 | D        | Paralysed by a floating eye for 4 turns
   867 | D        | Killed a shining eye
   868 | D        | Reached skill level 15 in Dodging
   885 | D        | Killed a shining eye
   952 | D        | Killed a shining eye
   953 | D        | Reached skill level 21 in Evocations
   953 | D        | Reached XP level 10. HP: 44/44 MP: 11/11
  1022 | D        | Killed a shining eye
  1062 | D        | Fell from the grace of Zin
  1062 | D        | Became a worshipper of Sif Muna the Loreminder
  1120 | D        | Found Goykudof's Antique Armour Shop.
  1120 | D        | Found Mareill's Antique Weapon Emporium.
  1120 | D        | Found Notisiw's Antique Weapon Boutique.
  1121 | D        | Found Xashroe's Magic Scroll Shoppe.
  1169 | D        | Noticed a deep troll
  1170 | D        | Killed a deep troll
  1171 | D        | Reached skill level 22 in Evocations
  1193 | D        | Found Yrox's Armour Emporium.
  1230 | D        | Found a burning altar of Makhleb.
  1230 | D        | Found a viscous altar of Jiyva.
  1230 | D        | Found a shimmering altar of Xom.
  1230 | D        | Found a corrupted altar of Lugonu.
  1262 | D        | Reached * piety under Sif Muna
  1283 | D        | Noticed a centaur warrior
  1283 | D        | Noticed a centaur warrior
  1290 | D        | Killed a centaur warrior
  1290 | D        | Reached ** piety under Sif Muna
  1290 | D        | Killed a centaur warrior
  1291 | D        | Reached skill level 23 in Evocations
  1350 | D        | Noticed an oklob plant
  1352 | D        | Killed an oklob plant
  1358 | D        | Reached *** piety under Sif Muna
  1368 | D        | Reached XP level 11. HP: 48/48 MP: 12/12
  1376 | D        | Paralysed by a floating eye for 4 turns
  1402 | D        | Reached **** piety under Sif Muna
  1403 | D        | Reached skill level 24 in Evocations
  1410 | D        | Reached ***** piety under Sif Muna
  1411 | D        | Received a gift from Sif Muna
  1439 | D        | Received a gift from Sif Muna
  1464 | D        | Got Sif Muna's Compilation of Prime Aeromancy {god gift}
  1468 | D        | Got Sif Muna's Tome of the Weird Atmosphere {god gift}
  1496 | D        | Found Dim Ysuh's Magic Scroll Boutique.
  1496 | D        | Found Wyunoge's Magic Scroll Emporium.
  1496 | D        | Found Zevucs's Weapon Emporium.
  1498 | D        | Found Husi's Distillery.
  1498 | D        | Found Cacwiaph's Weapon Shoppe.
  1498 | D        | Found Bevaytt's Magic Scroll Shop.
  1498 | D        | Found Ukimek's Jewellery Emporium.
  1498 | D        | Found Tyumivvu's Assorted Antiques.
  1498 | D        | Found Ugrus's Antique Weapon Shoppe.
  1498 | D        | Found Mudawoy's Antique Armour Shop.
  1502 | D        | Found Higaten's Weapon Emporium.
  1503 | D        | Found Vuvvuki's Magic Scroll Boutique.
  1503 | D        | Found Edin's Magic Scroll Shoppe.
  1504 | D        | Found Cefoat's Antique Armour Shop.
  1507 | D        | Bought a scroll labelled PUT NUVOIJEM for 29 gold pieces
  1507 | D        | Bought a scroll labelled FUAHOPT IHEAQIANT for 29 gold
                  | pieces
  1507 | D        | Bought a scroll labelled YXIROO BELUECVOMNO for 29 gold
                  | pieces
  1507 | D        | Bought a scroll labelled YXIROO BELUECVOMNO for 29 gold
                  | pieces
  1521 | D        | Bought a scroll of identify for 22 gold pieces
  1521 | D        | Bought a scroll of identify for 22 gold pieces
  1521 | D        | Bought a scroll of identify for 22 gold pieces
  1615 | D        | Bought a scroll of identify for 24 gold pieces
  1730 | D        | Noticed a lindwurm
  1734 | D        | Killed a lindwurm
  1735 | D        | Reached skill level 25 in Evocations
  1764 | D        | Received a gift from Sif Muna
  1920 | D        | Received a gift from Sif Muna
  1921 | D        | Got Sif Muna's Dissertation on Icy Cinders {god gift}
  1988 | D        | Noticed a lorocyproca
  1995 | D        | Killed a lorocyproca
  1996 | D        | Reached skill level 26 in Evocations
  2158 | D        | Noticed a daeva
  2165 | D        | Reached ****** piety under Sif Muna
  2173 | D        | Received a gift from Sif Muna
  2255 | D        | Identified the staff of poison "Foryugh" {rPois Str+5
                  | Dex+2}
  2322 | D        | Noticed a fire giant
  2325 | D        | Noticed a fire giant
  2326 | D        | Noticed a fire giant
  2327 | D        | Noticed a fire giant
  2331 | D        | Killed from afar by a fire giant

Illustrated notes

Levels and vault maps discovered:
D:        dungeon_sprint_1 [red_sonja_temple_1, red_sonja_temple_small_1]

Skill      XL: |  1  2  3  4  5  6  7  8  9 10 11 |
---------------+----------------------------------+-----
Dodging        | 4 6 8 11 12 13 15 17 19 | 19.7
Stealth        | 4 7 9 10 13 15 18 20 22 | 22.8
Evocations     | 6 9 12 16 18 21 23 26 | 26.6
Fighting       | |  0.7

Action                     |  1- 3 |  4- 6 |  7- 9 | 10-12 || total
---------------------------+-------+-------+-------+-------++-------
  Melee: Dagger            |       |       |   603 |   115 ||   718
         Punch             |       |       |    21 |     3 ||    24
         Rapier            |       |       |       |   146 ||   146
  Evoke: Wand              |     4 |     7 |       |    39 ||    50
    Use: Scroll            |       |       |       |     9 ||     9
         Potion            |       |       |       |     8 ||     8
   Stab: Sleeping          |       |       |     2 |    20 ||    22
 Armour: Troll leather arm |       |       |       |     6 ||     6
  Dodge: Dodged            |       |       |       |   159 ||   159
